[Event "Late-Titled-Tuesday-Blitz-August-29-2023"]
[Site "Chess.com"]
[Date "2023.08.29"]
[Round "6"]
[White "jinxy2009"]
[Black "ZuraTqebuchava"]
[Result "1-0"]
[WhiteElo "2341"]
[BlackElo "2150"]
[TimeControl "180+1"]
[EndTime "15:06:02 PDT"]
[Termination "jinxy2009 won on time"]

1. e4 e5 2. Nf3 Nc6 3. d4 exd4 4. Nxd4 d6 5. Nc3 Nf6 6. Bg5 Be7 7. Qd2 h6 8. Bh4 a6 9. O-O-O Nxd4 10. Qxd4 Be6 11. f4 O-O 12. f5 Bd7 13. Rg1 c5 14. Qd3 Bc6 15. g4 Nd7 16. Bxe7 Qxe7 17. Qxd6 Qxd6 18. Rxd6 Ne5 19. Nd5 Bxd5 20. Rxd5 Rfe8 21. Rxc5 Nf3 22. Rg3 Ne5 23. Bd3 Rad8 24. h3 Rd7 25. a4 b6 26. Rd5 a5 27. Bb5 Rxd5 28. exd5 Rd8 29. c4 f6 30. Kc2 Kf7 31. Kc3 Ke7 32. b4 axb4+ 33. Kxb4 Kd6 34. Ra3 Ra8 35. a5 Rxa5 36. Rxa5 bxa5+ 37. Kxa5 Kc5 38. Ka6 Nd3 39. Kb7 Kd6 40.
Kc8 Nf2 41. Kd8 Nxh3 42. Ke8 Nf2 43. Kf7 Nxg4 44. Kxg7 h5 45. Ba4 h4 46. Bd1 Ne3 47. Bf3 Nxf5+ 48. Kxf6 Nd4 49. Bh1 h3 50. Kg5 h2 51. Kg4 Kc5 52. Kg3 1-0

[Event "Late-Titled-Tuesday-Blitz-August-29-2023"]
[Site "Chess.com"]
[Date "2023.08.29"]
[Round "6"]
[White "WildBizon"]
[Black "subham777"]
[Result "1-0"]
[WhiteElo "2713"]
[BlackElo "2524"]
[TimeControl "180+1"]
[EndTime "15:06:04 PDT"]
[Termination "WildBizon won on time"]

1. b3 d5 2. Bb2 Nf6 3. e3 e6 4. g4 h6 5. Bg2 Be7 6. h4 c5 7. g5 hxg5 8. hxg5 Rxh1 9. Bxh1 Nfd7 10. f4 g6 11. Nc3 Nc6 12. Qe2 a6 13. a4 Qa5 14. Nh3 Nb4 15. Kd1 d4 16. Ne4 e5 17.
Nhf2 Qc7 18. fxe5 Nxe5 19. c3 d3 20. Qf1 Nc2 21. Rc1 c4 22. Bg2 Ng4 23. bxc4 Ngxe3+ 24. dxe3 Nxe3+ 25. Kd2 Nxf1+ 26. Rxf1 Qf4+ 27. Kxd3 Bf5 28. Ke2 O-O-O 29. Bc1 Bg4+ 30. Nxg4 Qxg4+ 31. Bf3 Qh4 32. Rh1 Qxh1 33. Bxh1 Rh8 34. Bf3 Rh2+ 35. Kd3 Ra2 36. Bd1 Kc7 37. c5 Kc6 38. Bb3 Rh2 39. Bxf7 Rh3+ 40.
Kd4 Rh2 41. Bxg6 Rh1 42. Be8+ Kc7 43. Bf4+ Kd8 44. Bf7 Re1 45. g6 Rd1+ 46. Ke5 Re1 47. Kf5 Bf8 48. Be5 Bg7 49. Bxg7 Ke7 50. Bf6+ 1-0

[Event "Late-Titled-Tuesday-Blitz-August-29-2023"]
[Site "Chess.com"]
[Date "2023.08.29"]
[Round "6"]
[White "Chessdemon2019"]
[Black "angryspacevoid"]
[Result "1-0"]
[WhiteElo "2407"]
[BlackElo "2574"]
[TimeControl "180+1"]
[EndTime "15:06:05 PDT"]
[Termination "Chessdemon2019 won by resignation"]

1. e4 e5 2. Nf3 Nc6 3. Bc4 f5 4.
exf5 e4 5. Qe2 d5 6. Bb5 Nf6 7. Ne5 Qd6 8. d4 Bxf5 9. Nc3 Be7 10. Bf4 Qe6 11. Bxc6+ bxc6 12. Qa6 O-O 13. Qxc6 Bd6 14. O-O Rab8 15. Na4 Rb4 16. c3 Rbb8 17. b4 Qc8 18.
Nc5 Rb6 19. Qa4 Nh5 20. Be3 Bxe5 21. dxe5 Rg6 22. Kh1 Rxg2 23. Qa6 Qd8 24. Kxg2 Qh4 25. Rg1 Bh3+ 26. Kh1 Bg4 27. Rxg4 Qh3 28. Qe6+ Kh8 29. Rag1 g6 30. R4g2 Qh4 31. Qd7 Ng7 32. Ne6 Rg8 33.
Nxg7 Rxg7 34. Qc8+ Rg8 35. Qxc7 Rf8 36. e6 Kg8 37.
Bd4 Rf6 38. Bxf6 Qxf6 39. e7 Kf7 40. e8=Q+ Kxe8 41. Rg5 Qf3+ 42. R5g2 h5 43. Qc6+ Ke7 44. Qxd5 h4 45. Qe5+ Kf7 46. Qd5+ Ke7 47. Qc5+ Ke8 48. Qe3 Qf5 49. Rg5 Qe6 50. Rxg6 Qf5 51. R6g5 Qe6 52. Rg8+ Kd7 53. R1g7+ 1-0

[Event "Late-Titled-Tuesday-Blitz-August-29-2023"]
[Site "Chess.com"]
[Date "2023.08.29"]
[Round "6"]
[White "PawnEatingZombie"]
[Black "Apocalyps999"]
[Result "0-1"]
[WhiteElo "2098"]
[BlackElo "2328"]
[TimeControl "180+1"]
[EndTime "15:06:05 PDT"]
[Termination "Apocalyps999 won by resignation"]

1. e4 e5 2. Nf3 Nc6 3. d4 exd4 4. Nxd4 Bc5 5. Be3 Qf6 6. Nb5 Bxe3 7. fxe3 Kd8 8. N1c3 Nge7 9. Qf3 Qh4+ 10. g3 Qh6 11. O-O-O a6 12. Nd4 Ne5 13. Qf4 d6 14. Qxh6 gxh6 15.
Be2 Rf8 16. Rhf1 Bh3 17. Rf2 Kd7 18. Nf5 Nxf5 19. exf5 Bg4 20. Ne4 Bxe2 21. Rxe2 f6 22. Nc5+ Kc6 23. Ne6 Rf7 24. e4 b5 25. Nf4 Rg8 26.
b3 a5 27. Rd5 Ra8 28. Ne6 a4 29. Re3 axb3 30. axb3 Rd7 31. Rc3+ Kb6 32. b4 Ra7 33. Nd4 c6 34. Rxe5 dxe5 35. Ne6 Ra1+ 36. Kb2 Rdd1 37.
Rd3 Rdb1+ 38. Kc3 Ra3+ 39. Kd2 Rxd3+ 40. Kxd3 Rxb4 41. Nf8 Rd4+ 42. Ke3 Rc4 43. Nxh7 Rxc2 44. Nxf6 Rxh2 45. Ng4 Rh3 46. f6 h5 47. f7 Rxg3+ 48. Kf2 Rxg4 49. f8=Q Rf4+ 50. Qxf4 exf4 51. e5 Kc5 0-1

[Event "Late-Titled-Tuesday-Blitz-August-29-2023"]
[Site "Chess.com"]
[Date "2023.08.29"]
[Round "6"]
[White "Kombinator01"]
[Black "The_Princess_Moon"]
[Result "1-0"]
[WhiteElo "2455"]
[BlackElo "2229"]
[TimeControl "180+1"]
[EndTime "15:06:06 PDT"]
[Termination "Kombinator01 won by checkmate"]

1. d4 c5 2. Nf3 cxd4 3. Nxd4 Nc6 4.
e4 Nxd4 5. Qxd4 d6 6. Bc4 Nf6 7.
O-O g6 8. e5 Nh5 9. e6 Bg7 10.
exf7+ Kf8 11. Qe3 Qc7 12. Bb3 Nf6 13. Nc3 a6 14. a4 Bd7 15. Bd2 Bc6 16. Rfe1 h5 17.
h3 h4 18. Re2 Rh5 19. Rae1 Re5 20. Qd3 Rxe2 21. Rxe2 b6 22. Qxg6 e5 23. Bh6 Bxh6 24. Qxf6 Bg7 25. Qxh4 b5 26. Qh7 bxa4 27. Qg8+ Ke7 28.
Qxg7 Rf8 29. Bd5 a3 30. Bxc6 Qxc6 31. Qg5+ Kxf7 32. Qc1 Qc4 33. Rd2 a2 34. Qa1 Qf4 35. Qxa2+ Kg7 36. Qd5 Rf6 37. Qd3 Qb4 38. Ne4 Rg6 39.
g3 Qxb2 40. h4 Qb1+ 41. Rd1 Qb7 42. Nxd6 Qe7 43. Nf5+ Kf6 44. Nxe7 Kxe7 45. Qxg6 e4 46. Qxa6 e3 47. fxe3 Kf7 48. c4 Kg7 49. c5 Kf8 50. c6 Ke7 51. c7 Kf7 52. c8=Q Ke7 53. Qc7+ Ke8 54. Qac8# 1-0

[Event "Late-Titled-Tuesday-Blitz-August-29-2023"]
[Site "Chess.com"]
[Date "2023.08.29"]
[Round "6"]
[White "Walter_White_Poland"]
[Black "Karttunen"]
[Result "1/2-1/2"]
[WhiteElo "2360"]
[BlackElo "2581"]
[TimeControl "180+1"]
[EndTime "15:06:07 PDT"]
[Termination "Game drawn by repetition"]

1. d4 Nf6 2. Bf4 e6 3. e3 d5 4.
Nf3 Bd6 5. Bg3 O-O 6. Nbd2 b6 7. c3 c5 8. Ne5 Qc7 9. f4 Ne4 10. Qc2 Bb7 11. Bd3 f5 12. Ndf3 Nc6 13. Nxc6 Bxc6 14. Ne5 Rac8 15. O-O Bb7 16. Be1 a6 17. Rd1 b5 18.
Qe2 c4 19. Bc2 a5 20. g4 b4 21. Kh1 Rb8 22. Rg1 Ba8 23. gxf5 Bxe5 24. fxe5 Rxf5 25. Bxe4 dxe4 26. Bg3 Rbf8 27. Bf4 Rxf4 28. exf4 e3+ 29. Rg2 Qc6 30. Rg1 Rxf4 31. Qxe3 Qxg2+ 32. Rxg2 Rf1+ 33. Qg1 Bxg2+ 34. Kxg2 Rxg1+ 35. Kxg1 bxc3 36. bxc3 Kf7 37. Kf2 g5 38. Kf3 h5 39. Ke4 g4 40. Kf4 Kg6 41. h3 gxh3 42. Kg3 Kf5 43. Kxh3 Kg5 44.
Kg3 Kf5 45. Kh4 Kg6 46. Kh3 Kg5 47. Kg3 a4 48. a3 Kf5 49. Kh4 Kg6 50. Kh3 Kg5 51.
Kg3 Kf5 52. Kh4 Kg6 53. Kh3 Kg5 54. Kg3 1/2-1/2

[Event "Late-Titled-Tuesday-Blitz-August-29-2023"]
[Site "Chess.com"]
[Date "2023.08.29"]
[Round "6"]
[White "Zq1"]
[Black "TC2304"]
[Result "1/2-1/2"]
[WhiteElo "2517"]
[BlackElo "2404"]
[TimeControl "180+1"]
[EndTime "15:06:08 PDT"]
[Termination "Game drawn by repetition"]

1. d4 d5 2. c4 c6 3. e3 Nf6 4. Nf3 a6 5. b3 e6 6. Bd3 b5 7. O-O bxc4 8. bxc4 Bd6 9. Nbd2 O-O 10. e4 dxe4 11.
Nxe4 Nxe4 12. Bxe4 f5 13. Bc2 c5 14. Ba3 Qe7 15. Re1 cxd4 16. Bxd6 Qxd6 17. Qxd4 Qxd4 18. Nxd4 Kf7 19. Rab1 Rd8 20. Nf3 Nc6 21. Rb6 Nd4 22.
Nxd4 Rxd4 23. Bb3 Bd7 24. c5 Rc8 25. Rbxe6 Kf8 26. Rxa6 Rxc5 27. Ra8+ Rc8 28. Rxc8+ Bxc8 29. Rd1 Rxd1+ 30. Bxd1 Ke7 31. f4 Kd6 32. Kf2 Kc5 33. Ke3 h6 34. h4 Bb7 35. g3 Ba6 36. Be2 Bb7 37. Bd3 Bc8 38. Bc2 g6 39. Kd3 Bb7 40.
Kc3 Kd5 41. Bd3 Bc6 42. Bc4+ Ke4 43. Kb4 Kf3 44. Kc5 Ba4 45. Bb5 Bc2 46. Be8 Kxg3 47. Bxg6 Kxf4 48. Kd4 Kg4 49. h5 Bd1 50. Ke3 f4+ 51.
Kf2 Ba4 52. Bf7 Kg5 53. Bg6 Bc6 54. Bf7 Ba4 55. Bg6 Bc6 56. Bf7 Kf6 57. Bg6 Kg5 1/2-1/2

[Event "Late-Titled-Tuesday-Blitz-August-29-2023"]
[Site "Chess.com"]
[Date "2023.08.29"]
[Round "6"]
[White "rasmussvane"]
[Black "KaydenTroffChess"]
[Result "1/2-1/2"]
[WhiteElo "2971"]
[BlackElo "2802"]
[TimeControl "180+1"]
[EndTime "15:06:09 PDT"]
[Termination "Game drawn - insufficient material"]

1. Nf3 Nf6 2. g3 g6 3. Bg2 Bg7 4. O-O O-O 5. d4 d5 6. c4 c6 7. Qb3 dxc4 8. Qxc4 Bf5 9. Nc3 Nbd7 10. Re1 Ne4 11. Qb3 Nb6 12. Bf4 Nxc3 13. bxc3 Qd5 14. Nd2 Qa5 15. a4 e5 16. Bxe5 Bxe5 17. dxe5 Qxe5 18.
a5 Nd5 19. e4 Qxc3 20. Qxc3 Nxc3 21. exf5 gxf5 22. a6 bxa6 23. Bxc6 Rad8 24. Nf3 Rd6 25. Rxa6 Rc8 26. Bb7 Rxa6 27. Bxc8 Ra5 28. Re5 Rxe5 29. Nxe5 f4 30. gxf4 Ne2+ 31. Kg2 Nxf4+ 32. Kf3 Nd5 33. Ba6 Nb4 34. Bc4 Kg7 35. Nxf7 a5 36. Ne5 a4 37.
Nd3 Nc2 38. Ke4 Kf6 39. f4 h6 40. h4 Na3 41. Kd4 Nc2+ 42. Ke4 Na3 43. Kd4 Nc2+ 44. Kc3 Ne3 45. Ba2 Ng2 46. h5 Kf5 47. Bf7 Nxf4 48. Nf2 Kg5 49. Ne4+ Kf5 50. Nd6+ Kg5 51. Kb4 Nxh5 52.
Ne4+ Kf4 53. Nc3 Ng3 54. Kxa4 h5 55. Bxh5 Nxh5 1/2-1/2

[Event "Late-Titled-Tuesday-Blitz-August-29-2023"]
[Site "Chess.com"]
[Date "2023.08.29"]
[Round "6"]
[White "Mesa_1"]
[Black "19912131712118"]
[Result "1/2-1/2"]
[WhiteElo "2557"]
[BlackElo "2417"]
[TimeControl "180+1"]
[EndTime "15:06:11 PDT"]
[Termination "Game drawn by stalemate"]

1. e4 c5 2. Nc3 Nc6 3. Nf3 e6 4.
d4 cxd4 5. Nxd4 Qc7 6. a3 a6 7. Nxc6 bxc6 8. Qf3 d5 9. Qg3 Qxg3 10. hxg3 Nf6 11.
Bd3 Be7 12. Bf4 Bb7 13. O-O-O Nd7 14. g4 e5 15. Bd2 d4 16. Na4 c5 17. b3 c4 18.
Bxc4 Bxa3+ 19. Kb1 Bxe4 20. f3 Bc6 21. Ka2 Bd6 22.
Rde1 O-O 23. Bd3 g6 24. Rh6 Kg7 25. Reh1 Rh8 26. R6h4 Bxa4 27. bxa4 Nc5 28. Bh6+ Kf6 29. Bc4 g5 30. Rh5 Rhg8 31. g3 Nxa4 32. Rf1 Nc3+ 33. Ka1 Rab8 34. f4 exf4 35. gxf4 Bxf4 36. Bxg5+ Rxg5 37. Rxf4+ Ke5 38. Rf1 Rxh5 39. gxh5 Rb4 40.
Bb3 f5 41. h6 Kf6 42. Bg8 Rb7 43. Bb3 a5 44. Bc4 a4 45. Rg1 a3 46. Bb3 Re7 47. Rf1 Kg6 48. Rg1+ Kxh6 49. Bg8 f4 50. Bxh7 Kxh7 51.
Rg7+ Rxg7 1/2-1/2

[Event "Late-Titled-Tuesday-Blitz-August-29-2023"]
[Site "Chess.com"]
[Date "2023.08.29"]
[Round "6"]
[White "UgarteCesar"]
[Black "effefe"]
[Result "0-1"]
[WhiteElo "2253"]
[BlackElo "2416"]
[TimeControl "180+1"]
[EndTime "15:06:11 PDT"]
[Termination "effefe won on time"]

1. d4 Nf6 2. Nf3 g6 3. e3 Bg7 4. Be2 O-O 5. O-O d6 6. Nbd2 Nc6 7. h3 Nd7 8. c3 e5 9. dxe5 dxe5 10. Qc2 f5 11.
Rd1 Kh8 12. b4 h6 13. Bb2 g5 14. b5 Ne7 15. c4 Ng6 16. Nb3 Qe7 17. a4 Qf7 18. c5 g4 19. Bc4 Qf6 20. hxg4 fxg4 21.
Nh2 h5 22. Nf1 h4 23. Nh2 Qg5 24. f4 exf4 25. Bxg7+ Kxg7 26. exf4 Nxf4 27. Nd4 Nxc5 28.
Bf1 Rf7 29. Rac1 Nce6 30. Qc3 Nh3+ 31. Kh1 Nf2+ 32. Kg1 Kh6 33. Nxe6 Bxe6 34. Qd2 Nxd1 35. Qxd1 Raf8 36. Be2 Qe3+ 37. Kh1 Qf4 38. Bxg4 Bxg4 39. Nxg4+ Kh7 40. Nh2 Qf5 41. Nf3 Qf4 42. Qc2+ Kh8 43. Qg6 Qf6 44. Qe4 Rh7 45. Rc4 Qf5 46. Qd4+ Qf6 47. Qg4 h3 48. Qd4 hxg2+ 49. Kxg2 Qxd4 50. Nxd4 Rg7+ 51. Kh3 Rf6 0-1

[Event "Late-Titled-Tuesday-Blitz-August-29-2023"]
[Site "Chess.com"]
[Date "2023.08.29"]
[Round "6"]
[White "jcreyes69"]
[Black "CraiggoryC"]
[Result "1/2-1/2"]
[WhiteElo "2353"]
[BlackElo "2227"]
[TimeControl "180+1"]
[EndTime "15:06:11 PDT"]
[Termination "Game drawn by repetition"]

1. e4 e6 2. d4 d5 3. Nc3 Bb4 4. Ne2 dxe4 5. a3 Be7 6. Nxe4 Nf6 7. N2g3 Nc6 8. c3 O-O 9. Bd3 e5 10. Nxf6+ Bxf6 11. d5 Ne7 12. c4 g6 13. Bc2 Bg7 14. O-O h5 15. Re1 h4 16. Nf1 Nf5 17. Ne3 Nd4 18. Bd2 h3 19. g3 Qf6 20. Be4 Bf5 21. Bxf5 gxf5 22. Bc3 Rfe8 23. Qh5 Qg6 24. Qxg6 fxg6 25.
Bxd4 exd4 26. Nf1 d3 27. Red1 Bxb2 28. Rab1 Bxa3 29. Rxd3 Bc5 30. Rxb7 Bb6 31. d6 cxd6 32. Rxd6 Re2 33. Rxg6+ Kh8 34. Rh6+ Kg8 35. Rxh3 Rxf2 36. Rxb6 Rxf1+ 37. Kxf1 axb6 38. Rh5 Ra2 39. Rxf5 Rxh2 40. Rb5 Rc2 41. Rb4 Kf7 42. g4 Kg7 43. Ke1 Rg2 44.
Rxb6 Rxg4 45. Rc6 Kf7 46. Kd2 Ke7 47. Kc3 Kd7 48. Rf6 Kc7 49. Kb4 Rg5 50. c5 Rg1 51.
Rf7+ Kc8 52. Kb5 Rg6 53. c6 Rg1 54. Kc5 Rc1+ 55. Kd6 Rd1+ 56. Kc5 Rc1+ 57. Kb5 Rb1+ 58. Kc5 Rc1+ 1/2-1/2

[Event "Late-Titled-Tuesday-Blitz-August-29-2023"]
[Site "Chess.com"]
[Date "2023.08.29"]
[Round "6"]
[White "gunslinger222"]
[Black "cottage_cheese"]
[Result "1/2-1/2"]
[WhiteElo "2469"]
[BlackElo "2299"]
[TimeControl "180+1"]
[EndTime "15:06:13 PDT"]
[Termination "Game drawn by stalemate"]

1. d4 Nf6 2. c4 e6 3. Nf3 d5 4. Nc3 c6 5. Bg5 h6 6. Bxf6 Qxf6 7. g3 Bb4 8. Bg2 O-O 9. O-O Qd8 10. Qb3 a5 11. a3 Bxc3 12. Qxc3 Nd7 13. b4 Nb6 14. c5 Nc4 15. Nd2 b5 16. cxb6 Nxd2 17. Qxd2 Qxb6 18. Rab1 axb4 19. axb4 Ba6 20. Rfc1 Bc4 21. e4 Ra2 22. Rb2 Rfa8 23. exd5 cxd5 24. Bf1 Rxb2 25. Qxb2 Ra2 26.
Qc3 Bxf1 27. Rxf1 Qb5 28. Rc1 Qe2 29. Rf1 Rb2 30. Qc5 Qc4 31. Rc1 Qxb4 32. Qc8+ Kh7 33.
Qc7 Qb7 34. Qf4 f6 35. h4 Rb1 36. Kh2 Rxc1 37. Qxc1 Qb4 38. Qe3 Qb6 39. h5 Qd6 40. Kg2 e5 41. Qd3+ e4 42. Qc3 Qe6 43. Qc5 Qf5 44. Qd6 Qxh5 45. Qf4 Qf3+ 46. Qxf3 exf3+ 47. Kxf3 Kg6 48. Kf4 Kf7 49. f3 Ke6 50. g4 g6 51.
Ke3 h5 52. gxh5 gxh5 53. Kf4 Kf7 54. Kf5 Kg7 55. f4 Kf7 1/2-1/2

[Event "Late-Titled-Tuesday-Blitz-August-29-2023"]
[Site "Chess.com"]
[Date "2023.08.29"]
[Round "6"]
[White "zeitnot2006"]
[Black "Jumbo"]
[Result "1/2-1/2"]
[WhiteElo "2757"]
[BlackElo "2940"]
[TimeControl "180+1"]
[EndTime "15:06:14 PDT"]
[Termination "Game drawn by repetition"]

1. e4 c5 2. b3 Nc6 3. Bb2 a6 4. f4 d5 5. exd5 Qxd5 6. Nc3 Qd6 7. g3 Nf6 8. Bg2 Bg4 9. Bf3 h5 10. h3 Bf5 11. Nge2 Nd4 12. Nxd4 cxd4 13. Ne2 d3 14. cxd3 Rd8 15. Nd4 Bxd3 16. Bxb7 h4 17. Qf3 e5 18.
Qxd3 exd4 19. Bxa6 Be7 20. Bb5+ Kf8 21. O-O-O hxg3 22. Qxg3 Ne4 23. Qf3 Rc8+ 24. Kb1 Nc5 25. Bc4 Rh4 26. Rdf1 Bf6 27. Qd5 Qxd5 28. Bxd5 Nd3 29.
Ba3+ Be7 30. Bxe7+ Kxe7 31. f5 Kf6 32. Bc4 Ne5 33. d3 Rch8 34. a4 Nc6 35. Rf3 Ne5 36.
Rg3 Rf4 37. Kb2 Rf2+ 38. Ka3 Rb8 39. Rhg1 Rc2 40. Rxg7 Rc3 41. Ka2 Nxc4 42. bxc4 Rbb3 43. R7g3 Ra3+ 44. Kb2 Rab3+ 45. Ka2 Rb4 46. Rb1 Rxa4+ 47. Kb2 Rb4+ 48. Ka2 Ra4+ 49. Kb2 Raa3 50. h4 Rab3+ 51. Ka2 Ra3+ 52. Kb2 Rab3+ 53. Ka2 Ra3+ 54. Kb2 1/2-1/2

[Event "Late-Titled-Tuesday-Blitz-August-29-2023"]
[Site "Chess.com"]
[Date "2023.08.29"]
[Round "6"]
[White "Lennis93"]
[Black "Fan_Of_Chucky"]
[Result "1-0"]
[WhiteElo "2697"]
[BlackElo "2513"]
[TimeControl "180+1"]
[EndTime "15:06:14 PDT"]
[Termination "Lennis93 won by resignation"]

1. Nf3 Nf6 2. c4 c5 3. g3 d5 4. cxd5 Nxd5 5. Bg2 Nc6 6. d4 cxd4 7. Nxd4 Nxd4 8.
Qxd4 Nb6 9. Qxd8+ Kxd8 10. Nc3 e6 11. Bg5+ f6 12. O-O-O+ Ke8 13. Be3 Bd7 14. Bxb7 Rb8 15. Bf3 Nc4 16. Bxa7 Rxb2 17. Rd4 Ba3 18. Kd1 Ne5 19.
Be4 f5 20. Bc2 Rb7 21. e4 Rxa7 22. exf5 Bc5 23. Re4 Bd6 24. Rhe1 exf5 25. Rxe5+ Bxe5 26. Rxe5+ Kf7 27. f4 Rd8 28. Kc1 Be6 29. Bxf5 Bxa2 30. Bxh7 Rc7 31. Kc2 Rdc8 32. Re3 g6 33. f5 gxf5 34.
Bxf5 Rb8 35. g4 Bb3+ 36. Kd3 Rd8+ 37. Ke2 Bc4+ 38. Kf3 Bd5+ 39. Nxd5 Rc5 40. Nf4 Rc1 41. h4 Rf1+ 42. Kg3 Rdd1 43. Ng2 Rg1 44. Re2 Rgf1 45.
h5 Ra1 46. h6 Ra3+ 47. Re3 Rxe3+ 48. Nxe3 Rh1 49. h7 Kg7 50. Kf4 Rf1+ 51. Nxf1 1-0

[Event "Late-Titled-Tuesday-Blitz-August-29-2023"]
[Site "Chess.com"]
[Date "2023.08.29"]
[Round "6"]
[White "dorpato"]
[Black "TheMagician"]
[Result "1/2-1/2"]
[WhiteElo "2015"]
[BlackElo "2148"]
[TimeControl "180+1"]
[EndTime "15:06:14 PDT"]
[Termination "Game drawn by repetition"]

1. e4 c5 2. Nc3 d6 3. g3 Nc6 4. Bg2 g6 5. d3 Bg7 6. Be3 e5 7. Qd2 Qa5 8. Nge2 Nge7 9. Bh6 Bxh6 10. Qxh6 Nd4 11. Qd2 Bh3 12. O-O Bxg2 13. Kxg2 Nxe2 14. Qxe2 O-O 15. f4 f6 16. f5 b5 17. Qg4 b4 18. fxg6 bxc3 19. Qe6+ Kh8 20. Qxe7 hxg6 21. Rxf6 Qd8 22. Rxf8+ Qxf8 23. Qxf8+ Rxf8 24. bxc3 Rb8 25. Kf3 Rb2 26. Rc1 Rxa2 27. Kg4 Kg7 28. Kg5 a5 29. Rb1 Rxc2 30. Rb7+ Kf8 31. Kxg6 Rxh2 32. g4 a4 33. Ra7 a3 34. Rxa3 Ke7 35. Ra7+ Ke6 36. g5 Rh3 37.
Ra8 Rxd3 38. c4 Re3 39. Re8+ Kd7 40. Rf8 Rxe4 41. Kg7 Rxc4 42. g6 Rg4 43. Rf7+ Ke6 44.
Rf6+ Kd5 45. Kf7 c4 46. Ke7 c3 47. Rxd6+ Ke4 48. Rc6 Kd3 49. Kf6 e4 50. Kf5 Rxg6 51. Rxg6 e3 52. Kf4 e2 53. Rd6+ Kc2 54. Re6 Kd2 55.
Rd6+ Kc2 56. Re6 Kd2 57. Rd6+ Kc2 1/2-1/2

[Event "Late-Titled-Tuesday-Blitz-August-29-2023"]
[Site "Chess.com"]
[Date "2023.08.29"]
[Round "6"]
[White "Fonsofan"]
[Black "Oleksandr_Bortnyk"]
[Result "1-0"]
[WhiteElo "2691"]
[BlackElo "3020"]
[TimeControl "180+1"]
[EndTime "15:06:18 PDT"]
[Termination "Fonsofan won on time"]

1. d4 d6 2. Nf3 Nf6 3. Nc3 Nbd7 4. e4 e5 5. Bc4 Be7 6. O-O O-O 7. Re1 a6 8. a4 b6 9. b3 Bb7 10. Bb2 c6 11. d5 Qc7 12. Re2 Nc5 13. Ba3 b5 14.
dxc6 Bxc6 15. Nd5 Qb7 16. Bxc5 dxc5 17. Nxe5 Rae8 18. axb5 axb5 19. Ra7 Qxa7 20. Nxc6 Qb7 21. Ncxe7+ Kh8 22. Bxb5 Qxb5 23. Nc7 Rd8 24. Qe1 Qb4 25.
Ncd5 Qxe1+ 26. Rxe1 Nxd5 27. Nxd5 Rfe8 28. c4 Rb8 29. Re3 f5 30. f3 fxe4 31. fxe4 Ra8 32.
Kf2 Ra2+ 33. Kg3 g5 34. e5 Kg7 35. e6 h5 36. e7 Ra7 37. Re5 Kg6 38. h4 gxh4+ 39.
Kxh4 Rb7 40. Rg5+ Kf7 41. Rf5+ Ke6 42. Rf3 Ke5 43. g3 Ke4 44. Re3+ Kf5 45. Rf3+ Ke4 46. Rf4+ Ke5 47. Kxh5 Rxb3 48. Kg4 Rg8+ 49. Kh4 Kd6 50. Rf8 Rgxg3 51. e8=Q Rh3+ 52. Kg5 Rbg3+ 53. Kf5 Rf3+ 54. Nf4 Rxf4+ 55. Kxf4 Rh7 56. Qe5+ Kd7 57. Qf5+ Ke7 58. Qxh7+ Ke6 59. Qg6+ 1-0

[Event "Late-Titled-Tuesday-Blitz-August-29-2023"]
[Site "Chess.com"]
[Date "2023.08.29"]
[Round "6"]
[White "only_strong_moves"]
[Black "Mops_2004"]
[Result "0-1"]
[WhiteElo "2532"]
[BlackElo "2768"]
[TimeControl "180+1"]
[EndTime "15:06:19 PDT"]
[Termination "Mops_2004 won on time"]

1. e4 g6 2. d4 Bg7 3. Nc3 d6 4. f4 Nf6 5. Nf3 c5 6. dxc5 Qa5 7. Qd3 Qxc5 8. Be3 Qa5 9. Qb5+ Qxb5 10. Nxb5 Na6 11.
e5 Nd5 12. Bd4 Nxf4 13. exd6 O-O 14. O-O-O exd6 15. Nxd6 Bxd4 16. Rxd4 Ne6 17. Rd2 Nac7 18. Bc4 b6 19. h4 Ba6 20. Bb3 Nc5 21. Bxf7+ Rxf7 22. Nxf7 Kxf7 23. b4 N5e6 24. Rd7+ Kf6 25. h5 g5 26. Rxh7 g4 27. Rh6+ Ke7 28. Ne5 g3 29. Rd1 Bb5 30. c4 Ba4 31. Rd3 Nf4 32.
Ng6+ Nxg6 33. Rxg6 Ne6 34. b5 Nc5 35. Re3+ Kf7 36. Rgxg3 Rd8 37. Rgf3+ Kg8 38. Rg3+ Kh7 39. Re7+ Kh6 40. Re1 Nd3+ 41. Kd2 Nxe1+ 42. Kxe1 Kxh5 43. Rg7 Rd4 44. Rc7 Kg4 45. Kf2 Rd2+ 46. Ke3 Rxa2 47. Rxa7 Bb3 48. Kd4 Rxa7 49. c5 Rd7+ 50. Ke5 bxc5 0-1

[Event "Late-Titled-Tuesday-Blitz-August-29-2023"]
[Site "Chess.com"]
[Date "2023.08.29"]
[Round "6"]
[White "gordonzyxu"]
[Black "bescmelasti"]
[Result "0-1"]
[WhiteElo "2108"]
[BlackElo "2616"]
[TimeControl "180+1"]
[EndTime "15:06:19 PDT"]
[Termination "bescmelasti won on time"]

1. e4 e5 2. Nf3 Nc6 3. Bb5 a6 4. Ba4 Nf6 5. O-O Be7 6. Re1 b5 7. Bb3 O-O 8. a4 b4 9. d3 d6 10. h3 Rb8 11. Nbd2 h6 12. Nc4 Re8 13. Ne3 Bf8 14. Bd2 Be6 15. Bc4 Qc8 16. b3 Na5 17. Bxe6 fxe6 18. Nh4 Kh7 19. Rf1 g5 20. Nf3 c5 21.
Nh2 Nc6 22. Nhg4 Qd8 23. Nxf6+ Qxf6 24. Qh5 Qg6 25. Qe2 Be7 26. Rae1 Rf8 27. f3 h5 28. Nc4 Nd4 29. Qd1 Rf7 30. Be3 Nc6 31. Bf2 Rbf8 32. Qd2 g4 33. fxg4 hxg4 34. Qe3 Nd4 35.
Qg3 Nxc2 36. Rc1 Nd4 37. Bxd4 exd4 38. hxg4 Bg5 39. Rce1 Bf4 40. Qh3+ Kg7 41. Qh5 Rh8 42. Qxg6+ Kxg6 43. Rf3 Be3+ 44. Nxe3 dxe3 45. Rexe3 Rxf3 46. gxf3 Rc8 47. Kg2 Kg5 48. Kg3 e5 49. f4+ exf4+ 50.
Kf3 fxe3 51. Kxe3 Rh8 52. Kf3 Rh3+ 53. Kg2 Kxg4 54. Kf2 Rxd3 0-1

[Event "Late-Titled-Tuesday-Blitz-August-29-2023"]
[Site "Chess.com"]
[Date "2023.08.29"]
[Round "6"]
[White "azikom"]
[Black "DishonorOnYourCow"]
[Result "0-1"]
[WhiteElo "2687"]
[BlackElo "2546"]
[TimeControl "180+1"]
[EndTime "15:06:21 PDT"]
[Termination "DishonorOnYourCow won on time"]

1. c4 e5 2. Nc3 Nc6 3. e3 Bc5 4. Nf3 d6 5. a3 a6 6. b4 Ba7 7. Bb2 Nf6 8. Be2 O-O 9. O-O Ne7 10.
d4 exd4 11. exd4 d5 12. c5 c6 13. Re1 Bb8 14. a4 Bg4 15. h3 Bh5 16. b5 axb5 17.
axb5 Rxa1 18. Bxa1 Ne4 19. Nxe4 dxe4 20. Ng5 Bxe2 21. Qxe2 Nf5 22. Qh5 h6 23. Nxe4 Nxd4 24. bxc6 Nxc6 25. Rd1 Qc7 26. Nd6 Ne7 27. Qe5 f6 28.
Qe6+ Kh7 29. Qe4+ Kh8 30. Qxb7 Qxb7 31. Nxb7 Bf4 32. g3 Be5 33. Bxe5 fxe5 34. Rd7 Nc6 35. Nd6 e4 36. Nxe4 Ne5 37. Rd5 Nf3+ 38. Kg2 Ne1+ 39. Kf1 Nf3 40. c6 Rc8 41. Rd6 Ne5 42.
Re6 Nxc6 43. Nd6 Rc7 44. Ne8 Re7 45. Nxg7 Rxg7 46. Rxc6 Kh7 47. Kg2 Ra7 48. h4 Kg7 49. Rc5 Rf7 50. Rc4 Ra7 51. Rg4+ Kh7 0-1

[Event "Late-Titled-Tuesday-Blitz-August-29-2023"]
[Site "Chess.com"]
[Date "2023.08.29"]
[Round "6"]
[White "Ducke13"]
[Black "psychokiller48"]
[Result "0-1"]
[WhiteElo "2426"]
[BlackElo "2673"]
[TimeControl "180+1"]
[EndTime "15:06:25 PDT"]
[Termination "psychokiller48 won by checkmate"]

1. d4 Nf6 2. g3 e6 3. c4 c5 4. d5 exd5 5. cxd5 d6 6. Nc3 g6 7. Nf3 Bg7 8. Bg2 O-O 9. O-O a6 10. a4 Re8 11. Re1 Nbd7 12. h3 Rb8 13. Bf4 Qc7 14. e4 Nh5 15. Bg5 h6 16. Bd2 b5 17.
axb5 axb5 18. Bf1 b4 19. Nb5 Qb6 20. g4 Nhf6 21. Bf4 Ne5 22. Nxe5 dxe5 23. Be3 Bd7 24.
Na7 Ra8 25. Ra6 Qb7 26. Bxc5 Bf8 27. Bxf8 Rxf8 28. Rxf6 Rxa7 29. Qd2 Kg7 30. g5 hxg5 31. Qxg5 Qc7 32. Rf3 Qd6 33. Rc1 Ra2 34. b3 Rh8 35.
Rg3 Rh6 36. Qe3 Rh4 37. Rf3 Rb2 38. Qg5 Rh5 39. Qe3 Rh4 40. Rg3 Rf4 41. Rf3 Qf6 42.
Rxf4 exf4 43. Qf3 Qe5 44. Rd1 g5 45. Bc4 Rc2 46. d6 Rc3 47. Qe2 f3 48. Qf1 Rc2 49.
Rd5 Qb2 50. Rxg5+ Kf6 51. Rf5+ Bxf5 52. exf5 Rc1 53. d7 Rxf1+ 54. Bxf1 Qd4 55. Bb5 Kxf5 56.
Kh2 Kf4 57. h4 Qxf2+ 58. Kh3 Qg2# 0-1

[Event "Late-Titled-Tuesday-Blitz-August-29-2023"]
[Site "Chess.com"]
[Date "2023.08.29"]
[Round "6"]
[White "Firouzja2003"]
[Black "Beca95"]
[Result "1-0"]
[WhiteElo "3108"]
[BlackElo "2947"]
[TimeControl "180+1"]
[EndTime "15:06:28 PDT"]
[Termination "Firouzja2003 won on time"]

1. e4 c5 2. Nf3 d6 3. d4 cxd4 4.
Nxd4 Nf6 5. Nc3 a6 6. Bg5 Nbd7 7. a3 h6 8. Be3 b5 9. f3 Bb7 10. Qd2 Rc8 11. O-O-O g6 12. Kb1 h5 13. Bg5 Bg7 14. h4 Qb6 15. Be2 Ba8 16. Be3 Qb8 17. Na2 Ne5 18.
Qa5 Bb7 19. Nb4 Qa8 20. a4 Nc4 21. Bxc4 bxc4 22. Ne2 O-O 23. Nc3 Rfe8 24. Bd4 Nd7 25.
Nbd5 Bxd4 26. Rxd4 Bxd5 27. Nxd5 Rc5 28. Qc3 Qc6 29. g4 hxg4 30. h5 g5 31. h6 f6 32.
fxg4 Ne5 33. h7+ Kh8 34. Qa3 Qc8 35. Ne3 Nxg4 36. Nf5 c3 37. Qb3 Ne5 38. Qg8+ Rxg8 39. hxg8=Q+ Kxg8 40. Nxe7+ Kg7 41. Nxc8 Rxc8 42. b4 Rb8 43. Ka2 Nc6 44. Rxd6 Nxb4+ 45. Kb3 Nd5+ 46. Kc4 Ne3+ 47. Kxc3 Rc8+ 48. Kd3 Nxc2 49. Rb6 a5 50. e5 fxe5 51. Ke4 Nb4 52. Rd1 Rc7 53. Kf5 Rf7+ 54.
Kxg5 Re7 55. Rf1 1-0